Connexion

Senators vs Sound Tigers

Created - 18 février 2024 at 09:24

Goals
1 2 3 OT1 T
Senators 2 0 1 1 4
Sound Tigers 0 0 3 0 3
Shots
1 2 3 OT1 T
Senators 10 6 8 1 25
Sound Tigers 6 9 6 0 21

GoalsPenalties
1st period
1. Senators , Alex Beaucage 10 (Jack Rathbone 25, Aliaksei Protas 40) at 4:34
2. Senators , Akil Thomas 22 (Jack Rathbone 26, Joey Keane 22) at 4:49
Ryan Merkley (BEL) for Tripping (Minor) at 19:19
2nd period
No Goal
Ryan Merkley (BEL) for Roughing (Minor) at 7:20
Zach Bogosian (BRP) for Holding (Minor) at 14:42
3rd period
3. Sound Tigers , Eric Staal 18 (Nikita Soshnikov 22) at 3:28
4. Sound Tigers , Lukas Sedlak 5 (Ryan MacInnis 12, Jaret Anderson-Dolan 9) at 5:34
5. Senators , Theodor Niederbach 3 (Martin Chromiak 7, Ryan Merkley 18) at 12:22
6. Sound Tigers , Eric Staal 19 (Jimmy Vesey 20, Travis Dermott 6) at 13:29
Ashton Sautner (BRP) for Roughing (Minor) at 7:26
Overtime #1
7. Senators , Alex Beaucage 11 (Ryan Merkley 19, Jamieson Rees 15) at 0:54
No Penalty
Goalie Stats
Leevi Merilainen (BEL), 18 saves from 21 shots - (0,857), W, 29-21-4, 60:55 minutes
Brandon Bussi (BRP), 21 saves from 25 shots - (0,840), OTL, 10-7-2, 60:55 minutes
3 StarsOfficial
1 - Eric Staal (BRP)
2 - Alex Beaucage (BEL)
3 - Jack Rathbone (BEL)
Referees : Tim Peel and Tom Kowal
Linesman : Pierre Champoux and Dan Schachte
Game Note
Christian Wolanin is injured at 10:16 of 1st period (Left Hand)
Finance
Level 1 -- Attendance: 888 (44,40%) -- Ticket Income $57,720
Level 2 -- Attendance: 309 (30,90%) -- Ticket Income $15,450
Total Attendance: 1197 (39,90%)
Total Ticket Income: $73,170
Other Income: $14,634
Total Income: $87,804



Team Name Goals Shots Shots Attemp Shots Blocked PIM HIT PP PK FO%
Senators 4255184190 / 2 (0%)046%
Sound Tigers 32143114130 / 2 (0%)054%

Senators
Player Name POS G A P +/- PIM HIT SHT SB MP PP MP PP SHT PK MP PK SHT FO% FOT
Adam BeckmanC/LW0000000017:360:0000:00050% 12
Akil ThomasC/RW1010001016:451:4800:500100% 1
Aleksi HeponiemiC/LW/RW0000011017:442:1000:00050% 2
Alex BeaucageLW/RW2021013019:581:4803:0800% 0
Aliaksei ProtasC0110033023:501:4813:08048% 27
Ben JonesC0000015018:342:1000:50047% 15
Ian MitchellD000-2020523:061:5702:0500% 0
Jack RathboneD0221000122:352:0101:5300% 0
Jamieson ReesC011100105:420:0000:00038% 8
Joey KeaneD0111030222:352:0101:5300% 0
Layton AhacD0001010014:190:0000:0000% 0
Linus WeissbachLW000000004:470:0000:0000% 0
Martin ChromiakLW/RW0110015017:360:0000:000100% 2
Ryan MerkleyD0222401015:120:0000:0000% 0
Theodor NiederbachC/RW1010022017:360:0000:0000% 2
Tyler MaddenC000000000:000:0000:0000% 0
Wade AllisonRW0000032017:442:1000:0000% 3
Zac JonesD000-2011023:061:5702:0500% 0
Sound Tigers
Player Name POS G A P +/- PIM HIT SHT SB MP PP MP PP SHT PK MP PK SHT FO% FOT
Alexander KhokhlachevC/LW/RW000000000:000:0000:0000% 0
Ashton SautnerD000-2200125:582:2600:4500% 0
Christian WolaninD000000012:590:0000:0000% 0
Eric StaalC/LW2022014021:040:5601:21041% 17
Jack KopackaLW0000010014:000:0000:0000% 0
Jaret Anderson-DolanC011-2011024:263:0212:07059% 17
Jesper FasthLW/RW000-1002011:553:0221:470100% 1
Jimmy SchuldtD0000011121:070:0001:5800% 0
Jimmy VeseyLW/RW0112013119:430:5600:0000% 1
Joel ArmiaRW000-1012024:333:0201:56050% 4
Lukas SedlakC/LW101-1002012:110:0000:0000% 0
Martin PospisilC0000020014:000:0000:00053% 17
Nikita SoshnikovLW/RW0112011119:430:5600:0000% 0
Ryan MacInnisC011-2002013:460:0000:15067% 15
Travis DermottD011-1021021:312:2811:5900% 0
Trevor Van RiemsdykD0001012425:131:3221:3600% 0
Yegor KorshkovLW000-100003:250:0000:5600% 0
Zach BogosianD0001210223:111:3001:1200% 0



Play-by-Play

1st period


0:01 of 1st period - Aliaksei Protas wins face-off versus Jaret Anderson-Dolan in neutral zone.
0:09 of 1st period - Icing by Joel Armia.
0:10 of 1st period - Jaret Anderson-Dolan wins face-off versus Aleksi Heponiemi in Sound Tigers zone.
0:10 of 1st period - Joel Armia is hit by Aleksi Heponiemi.
0:21 of 1st period - Jesper Fasth is hit by Joey Keane and loses puck.
0:58 of 1st period - Icing by Jesper Fasth.
0:59 of 1st period - Jaret Anderson-Dolan wins face-off versus Adam Beckman in Sound Tigers zone.
2:02 of 1st period - Shot by Eric Staal.
2:02 of 1st period - Stopped by Leevi Merilainen without a rebound.
2:03 of 1st period - Martin Pospisil wins face-off versus Jamieson Rees in Senators zone.
2:55 of 1st period - Wade Allison is hit by Jimmy Schuldt and loses puck.
3:54 of 1st period - Shot by Martin Chromiak.
3:54 of 1st period - Stopped by Brandon Bussi with a rebound.
4:30 of 1st period - Shot by Aliaksei Protas.
4:30 of 1st period - Stopped by Brandon Bussi with a rebound.
4:32 of 1st period - Shot by Jack Rathbone.
4:32 of 1st period - Shot Misses the Net.
4:34 of 1st period - Shot by Alex Beaucage.
4:34 of 1st period - Goal by Alex Beaucage - Senators : 1 - Sound Tigers : 0.
4:35 of 1st period - Jaret Anderson-Dolan wins face-off versus Aliaksei Protas in neutral zone.
4:49 of 1st period - Shot by Akil Thomas.
4:49 of 1st period - Goal by Akil Thomas - Senators : 2 - Sound Tigers : 0.
4:50 of 1st period - Ben Jones wins face-off versus Ryan MacInnis in neutral zone.
5:57 of 1st period - Shot by Akil Thomas.
5:57 of 1st period - Shot Blocked by Ashton Sautner.
6:34 of 1st period - Alex Beaucage is hit by Travis Dermott and loses puck.
7:01 of 1st period - Shot by Adam Beckman.
7:01 of 1st period - Shot Hit the Post.
7:11 of 1st period - Shot by Theodor Niederbach.
7:11 of 1st period - Stopped by Brandon Bussi without a rebound.
7:12 of 1st period - Jamieson Rees wins face-off versus Ryan MacInnis in Sound Tigers zone.
7:24 of 1st period - Shot by Jamieson Rees.
7:24 of 1st period - Stopped by Brandon Bussi without a rebound.
7:25 of 1st period - Eric Staal wins face-off versus Ben Jones in Sound Tigers zone.
7:30 of 1st period - Nikita Soshnikov is hit by Wade Allison and loses puck.
7:37 of 1st period - Shot by Ben Jones.
7:37 of 1st period - Shot Blocked by Jimmy Vesey.
7:39 of 1st period - Shot by Joey Keane.
7:39 of 1st period - Shot Blocked by Nikita Soshnikov.
7:54 of 1st period - Icing by Jack Rathbone.
7:55 of 1st period - Ben Jones wins face-off versus Jaret Anderson-Dolan in Senators zone.
8:14 of 1st period - Icing by Jimmy Schuldt.
8:15 of 1st period - Jaret Anderson-Dolan wins face-off versus Aliaksei Protas in Sound Tigers zone.
8:26 of 1st period - Shot by Ian Mitchell.
8:26 of 1st period - Shot Blocked by Trevor Van Riemsdyk.
8:48 of 1st period - Shot by Alex Beaucage.
8:48 of 1st period - Stopped by Brandon Bussi without a rebound.
8:49 of 1st period - Adam Beckman wins face-off versus Eric Staal in Sound Tigers zone.
9:04 of 1st period - Ashton Sautner is hit by Layton Ahac and loses puck.
10:12 of 1st period - Shot by Ben Jones.
10:12 of 1st period - Shot Misses the Net.
10:14 of 1st period - Shot by Ian Mitchell.
10:14 of 1st period - Shot Blocked by Zach Bogosian.
10:16 of 1st period - Shot by Aleksi Heponiemi.
10:16 of 1st period - Shot Blocked by Christian Wolanin.
10:16 of 1st period - Christian Wolanin from Sound Tigers is injured at 10:16 of 1st period (Left Hand).
10:17 of 1st period - Ryan MacInnis wins face-off versus Aliaksei Protas in Sound Tigers zone.
10:17 of 1st period - Ryan MacInnis is hit by Aliaksei Protas.
10:52 of 1st period - Shot by Akil Thomas.
10:52 of 1st period - Shot Blocked by Trevor Van Riemsdyk.
11:21 of 1st period - Icing by Alex Beaucage.
11:22 of 1st period - Aliaksei Protas wins face-off versus Eric Staal in Senators zone.
12:20 of 1st period - Shot by Martin Pospisil.
12:20 of 1st period - Shot Blocked by Ian Mitchell.
12:22 of 1st period - Shot by Martin Pospisil.
12:22 of 1st period - Deflect By Jack Kopacka.
12:22 of 1st period - Shot Misses the Net.
12:24 of 1st period - Shot by Joel Armia.
12:24 of 1st period - Stopped by Leevi Merilainen without a rebound.
12:25 of 1st period - Adam Beckman wins face-off versus Jaret Anderson-Dolan in Senators zone.
12:43 of 1st period - Icing by Joel Armia.
12:44 of 1st period - Jaret Anderson-Dolan wins face-off versus Wade Allison in Sound Tigers zone.
13:20 of 1st period - Icing by Jimmy Schuldt.
13:21 of 1st period - Adam Beckman wins face-off versus Jaret Anderson-Dolan in Sound Tigers zone.
13:24 of 1st period - Shot by Adam Beckman.
13:24 of 1st period - Deflect By Martin Chromiak.
13:24 of 1st period - Stopped by Brandon Bussi with a rebound.
13:39 of 1st period - Shot by Martin Chromiak.
13:39 of 1st period - Stopped by Brandon Bussi with a rebound.
14:07 of 1st period - Icing by Ashton Sautner.
14:08 of 1st period - Eric Staal wins face-off versus Wade Allison in Sound Tigers zone.
14:23 of 1st period - Shot by Ben Jones.
14:23 of 1st period - Shot Misses the Net.
14:39 of 1st period - Shot by Jimmy Vesey.
14:39 of 1st period - Stopped by Leevi Merilainen without a rebound.
14:40 of 1st period - Aliaksei Protas wins face-off versus Martin Pospisil in Senators zone.
14:40 of 1st period - Aliaksei Protas is hit by Martin Pospisil.
15:25 of 1st period - Shot by Jaret Anderson-Dolan.
15:25 of 1st period - Shot Misses the Net.
15:50 of 1st period - Lukas Sedlak is hit by Ian Mitchell and loses puck.
16:00 of 1st period - Icing by Theodor Niederbach.
16:01 of 1st period - Adam Beckman wins face-off versus Eric Staal in Senators zone.
16:01 of 1st period - Adam Beckman is hit by Jimmy Vesey.
16:32 of 1st period - Shot by Nikita Soshnikov.
16:32 of 1st period - Shot Misses the Net.
16:34 of 1st period - Shot by Eric Staal.
16:34 of 1st period - Stopped by Leevi Merilainen without a rebound.
16:35 of 1st period - Aleksi Heponiemi wins face-off versus Martin Pospisil in Senators zone.
16:48 of 1st period - Shot by Layton Ahac.
16:48 of 1st period - Deflect By Aleksi Heponiemi.
16:48 of 1st period - Shot Misses the Net.
16:50 of 1st period - Shot by Layton Ahac.
16:50 of 1st period - Shot Misses the Net.
16:52 of 1st period - Shot by Ryan Merkley.
16:52 of 1st period - Stopped by Brandon Bussi without a rebound.
16:53 of 1st period - Ryan MacInnis wins face-off versus Aliaksei Protas in Sound Tigers zone.
17:03 of 1st period - Icing by Ashton Sautner.
17:04 of 1st period - Ryan MacInnis wins face-off versus Ben Jones in Sound Tigers zone.
17:17 of 1st period - Shot by Lukas Sedlak.
17:17 of 1st period - Stopped by Leevi Merilainen without a rebound.
17:18 of 1st period - Aliaksei Protas wins face-off versus Eric Staal in Senators zone.
17:32 of 1st period - Icing by Jimmy Vesey.
17:33 of 1st period - Eric Staal wins face-off versus Ben Jones in Sound Tigers zone.
18:52 of 1st period - Shot by Joel Armia.
18:52 of 1st period - Stopped by Leevi Merilainen without a rebound.
18:53 of 1st period - Adam Beckman wins face-off versus Martin Pospisil in Senators zone.
19:19 of 1st period - Minor Penalty to Ryan Merkley for Tripping.
19:20 of 1st period - Jaret Anderson-Dolan wins face-off versus Aliaksei Protas in Senators zone.
Goals for this period are 2 for Senators vs 0 for Sound Tigers.
Shots for this period are 10 for Senators vs 6 for Sound Tigers.

2nd period


0:01 of 2nd period - Jaret Anderson-Dolan wins face-off versus Aliaksei Protas in neutral zone.
0:29 of 2nd period - Icing by Joel Armia.
0:30 of 2nd period - Jesper Fasth wins face-off versus Aliaksei Protas in Sound Tigers zone.
2:18 of 2nd period - Shot by Yegor Korshkov.
2:18 of 2nd period - Shot Blocked by Ian Mitchell.
2:27 of 2nd period - Shot by Ian Mitchell.
2:27 of 2nd period - Shot Misses the Net.
2:29 of 2nd period - Shot by Zac Jones.
2:29 of 2nd period - Stopped by Brandon Bussi without a rebound.
2:30 of 2nd period - Ryan MacInnis wins face-off versus Jamieson Rees in Sound Tigers zone.
2:37 of 2nd period - Joey Keane is hit by Jaret Anderson-Dolan and loses puck.
2:58 of 2nd period - Shot by Lukas Sedlak.
2:58 of 2nd period - Shot Misses the Net.
3:10 of 2nd period - Jack Rathbone is hit by Jack Kopacka and loses puck.
3:50 of 2nd period - Icing by Jimmy Schuldt.
3:51 of 2nd period - Ben Jones wins face-off versus Jimmy Vesey in Sound Tigers zone.
3:54 of 2nd period - Shot by Wade Allison.
3:54 of 2nd period - Stopped by Brandon Bussi without a rebound.
3:55 of 2nd period - Ben Jones wins face-off versus Eric Staal in Sound Tigers zone.
4:05 of 2nd period - Icing by Trevor Van Riemsdyk.
4:06 of 2nd period - Eric Staal wins face-off versus Adam Beckman in Sound Tigers zone.
4:27 of 2nd period - Shot by Nikita Soshnikov.
4:27 of 2nd period - Shot Blocked by Ian Mitchell.
5:05 of 2nd period - Shot by Jesper Fasth.
5:05 of 2nd period - Shot Misses the Net.
5:29 of 2nd period - Shot by Ben Jones.
5:29 of 2nd period - Stopped by Brandon Bussi without a rebound.
5:30 of 2nd period - Aliaksei Protas wins face-off versus Martin Pospisil in Sound Tigers zone.
5:39 of 2nd period - Jack Rathbone is hit by Joel Armia and loses puck.
5:52 of 2nd period - Shot by Aliaksei Protas.
5:52 of 2nd period - Stopped by Brandon Bussi with a rebound.
7:20 of 2nd period - Minor Penalty to Ryan Merkley for Roughing.
7:21 of 2nd period - Aliaksei Protas wins face-off versus Jaret Anderson-Dolan in Senators zone.
7:34 of 2nd period - Shot by Jesper Fasth.
7:34 of 2nd period - Deflect By Jaret Anderson-Dolan.
7:34 of 2nd period - Shot Blocked by Joey Keane.
7:36 of 2nd period - Shot by Travis Dermott.
7:36 of 2nd period - Stopped by Leevi Merilainen without a rebound.
7:37 of 2nd period - Jaret Anderson-Dolan wins face-off versus Aliaksei Protas in Senators zone.
7:52 of 2nd period - Shot by Jesper Fasth.
7:52 of 2nd period - Stopped by Leevi Merilainen without a rebound.
7:53 of 2nd period - Eric Staal wins face-off versus Aliaksei Protas in Senators zone.
7:54 of 2nd period - Shot by Trevor Van Riemsdyk.
7:54 of 2nd period - Stopped by Leevi Merilainen without a rebound.
7:55 of 2nd period - Aliaksei Protas wins face-off versus Eric Staal in Senators zone.
8:05 of 2nd period - Icing by Eric Staal.
8:06 of 2nd period - Aliaksei Protas wins face-off versus Eric Staal in Sound Tigers zone.
8:19 of 2nd period - Shot by Ian Mitchell.
8:19 of 2nd period - Shot Misses the Net.
8:25 of 2nd period - Alex Beaucage is hit by Nikita Soshnikov.
8:50 of 2nd period - Icing by Trevor Van Riemsdyk.
8:51 of 2nd period - Aliaksei Protas wins face-off versus Jaret Anderson-Dolan in Sound Tigers zone.
9:04 of 2nd period - Shot by Jaret Anderson-Dolan.
9:04 of 2nd period - Shot Misses the Net.
9:06 of 2nd period - Shot by Jesper Fasth.
9:06 of 2nd period - Deflect By Joel Armia.
9:06 of 2nd period - Shot Misses the Net.
9:08 of 2nd period - Shot by Trevor Van Riemsdyk.
9:08 of 2nd period - Stopped by Leevi Merilainen with a rebound.
9:10 of 2nd period - Shot by Zach Bogosian.
9:10 of 2nd period - Shot Blocked by Jack Rathbone.
9:12 of 2nd period - Shot by Jaret Anderson-Dolan.
9:12 of 2nd period - Stopped by Leevi Merilainen with a rebound.
9:14 of 2nd period - Shot by Joel Armia.
9:14 of 2nd period - Shot Misses the Net.
9:16 of 2nd period - Shot by Jesper Fasth.
9:16 of 2nd period - Stopped by Leevi Merilainen without a rebound.
9:17 of 2nd period - Akil Thomas wins face-off versus Eric Staal in Senators zone.
9:25 of 2nd period - Icing by Ryan MacInnis.
9:26 of 2nd period - Ben Jones wins face-off versus Ryan MacInnis in Sound Tigers zone.
9:47 of 2nd period - Shot by Ryan MacInnis.
9:47 of 2nd period - Stopped by Leevi Merilainen with a rebound.
9:59 of 2nd period - Shot by Aleksi Heponiemi.
9:59 of 2nd period - Deflect By Ben Jones.
9:59 of 2nd period - Shot Blocked by Trevor Van Riemsdyk.
10:01 of 2nd period - Shot by Ben Jones.
10:01 of 2nd period - Stopped by Brandon Bussi without a rebound.
10:02 of 2nd period - Martin Chromiak wins face-off versus Martin Pospisil in Sound Tigers zone.
11:25 of 2nd period - Zach Bogosian is hit by Aliaksei Protas and loses puck.
12:13 of 2nd period - Shot by Aleksi Heponiemi.
12:13 of 2nd period - Deflect By Ben Jones.
12:13 of 2nd period - Stopped by Brandon Bussi without a rebound.
12:14 of 2nd period - Martin Pospisil wins face-off versus Ben Jones in Sound Tigers zone.
12:41 of 2nd period - Shot by Ryan Merkley.
12:41 of 2nd period - Shot Blocked by Zach Bogosian.
13:36 of 2nd period - Icing by Jaret Anderson-Dolan.
13:37 of 2nd period - Ryan MacInnis wins face-off versus Aliaksei Protas in Sound Tigers zone.
14:10 of 2nd period - Shot by Jimmy Vesey.
14:10 of 2nd period - Shot Blocked by Ian Mitchell.
14:14 of 2nd period - Shot by Jimmy Schuldt.
14:14 of 2nd period - Stopped by Leevi Merilainen without a rebound.
14:15 of 2nd period - Martin Chromiak wins face-off versus Martin Pospisil in Senators zone.
14:15 of 2nd period - Martin Chromiak is hit by Martin Pospisil.
14:42 of 2nd period - Minor Penalty to Zach Bogosian for Holding.
14:43 of 2nd period - Joel Armia wins face-off versus Ben Jones in Sound Tigers zone.
15:04 of 2nd period - Joel Armia is hit by Wade Allison and loses puck.
15:13 of 2nd period - Shot by Ben Jones.
15:13 of 2nd period - Shot Misses the Net.
15:37 of 2nd period - Shot by Alex Beaucage.
15:37 of 2nd period - Shot Blocked by Trevor Van Riemsdyk.
16:36 of 2nd period - Shot by Ben Jones.
16:36 of 2nd period - Shot Misses the Net.
17:37 of 2nd period - Eric Staal is hit by Aliaksei Protas and loses puck.
17:49 of 2nd period - Jack Rathbone is hit by Trevor Van Riemsdyk.
18:09 of 2nd period - Shot by Ryan MacInnis.
18:09 of 2nd period - Shot Blocked by Joey Keane.
18:11 of 2nd period - Shot by Lukas Sedlak.
18:11 of 2nd period - Deflect By Ryan MacInnis.
18:11 of 2nd period - Stopped by Leevi Merilainen without a rebound.
18:12 of 2nd period - Ben Jones wins face-off versus Martin Pospisil in Senators zone.
18:42 of 2nd period - Icing by Ian Mitchell.
18:43 of 2nd period - Ryan MacInnis wins face-off versus Ben Jones in Senators zone.
18:43 of 2nd period - Lukas Sedlak is hit by Ian Mitchell and loses puck.
Goals for this period are 0 for Senators vs 0 for Sound Tigers.
Shots for this period are 6 for Senators vs 9 for Sound Tigers.

3rd period


0:01 of 3rd period - Aliaksei Protas wins face-off versus Jaret Anderson-Dolan in neutral zone.
0:05 of 3rd period - Icing by Travis Dermott.
0:06 of 3rd period - Jaret Anderson-Dolan wins face-off versus Aliaksei Protas in Sound Tigers zone.
0:06 of 3rd period - Jaret Anderson-Dolan is hit by Alex Beaucage.
0:44 of 3rd period - Shot by Aliaksei Protas.
0:44 of 3rd period - Deflect By Alex Beaucage.
0:44 of 3rd period - Shot Misses the Net.
1:08 of 3rd period - Shot by Jimmy Vesey.
1:08 of 3rd period - Stopped by Leevi Merilainen with a rebound.
1:10 of 3rd period - Shot by Jimmy Vesey.
1:10 of 3rd period - Stopped by Leevi Merilainen with a rebound.
1:45 of 3rd period - Adam Beckman is hit by Zach Bogosian and loses puck.
2:08 of 3rd period - Icing by Ryan Merkley.
2:09 of 3rd period - Martin Pospisil wins face-off versus Adam Beckman in Senators zone.
3:28 of 3rd period - Shot by Eric Staal.
3:28 of 3rd period - Goal by Eric Staal - Senators : 2 - Sound Tigers : 1.
3:29 of 3rd period - Ben Jones wins face-off versus Martin Pospisil in neutral zone.
3:31 of 3rd period - Off-side.
3:32 of 3rd period - Martin Pospisil wins face-off versus Ben Jones in neutral zone.
3:48 of 3rd period - Martin Pospisil is hit by Joey Keane.
4:01 of 3rd period - Martin Pospisil is hit by Joey Keane and loses puck.
5:26 of 3rd period - Icing by Ian Mitchell.
5:27 of 3rd period - Ryan MacInnis wins face-off versus Aliaksei Protas in Senators zone.
5:30 of 3rd period - Shot by Jaret Anderson-Dolan.
5:30 of 3rd period - Deflect By Ryan MacInnis.
5:30 of 3rd period - Shot Blocked by Ian Mitchell.
5:32 of 3rd period - Shot by Ryan MacInnis.
5:32 of 3rd period - Deflect By Lukas Sedlak.
5:32 of 3rd period - Shot Misses the Net.
5:34 of 3rd period - Shot by Lukas Sedlak.
5:34 of 3rd period - Goal by Lukas Sedlak - Senators : 2 - Sound Tigers : 2.
5:35 of 3rd period - Jamieson Rees wins face-off versus Ryan MacInnis in neutral zone.
6:34 of 3rd period - Shot by Nikita Soshnikov.
6:34 of 3rd period - Stopped by Leevi Merilainen without a rebound.
6:35 of 3rd period - Martin Pospisil wins face-off versus Theodor Niederbach in Senators zone.
6:35 of 3rd period - Joel Armia is hit by Zac Jones and loses puck.
6:50 of 3rd period - Shot by Joel Armia.
6:50 of 3rd period - Deflect By Jack Kopacka.
6:50 of 3rd period - Shot Misses the Net.
7:02 of 3rd period - Shot by Joel Armia.
7:02 of 3rd period - Shot Misses the Net.
7:04 of 3rd period - Shot by Zach Bogosian.
7:04 of 3rd period - Shot Misses the Net.
7:25 of 3rd period - Adam Beckman is hit by Travis Dermott and loses puck.
7:26 of 3rd period - Minor Penalty to Ashton Sautner for Roughing.
7:27 of 3rd period - Joel Armia wins face-off versus Wade Allison in Sound Tigers zone.
7:27 of 3rd period - Joel Armia is hit by Wade Allison.
7:39 of 3rd period - Off-side.
7:40 of 3rd period - Aliaksei Protas wins face-off versus Joel Armia in neutral zone.
7:47 of 3rd period - Shot by Akil Thomas.
7:47 of 3rd period - Deflect By Aliaksei Protas.
7:47 of 3rd period - Stopped by Brandon Bussi without a rebound.
7:48 of 3rd period - Aliaksei Protas wins face-off versus Joel Armia in Sound Tigers zone.
9:34 of 3rd period - Shot by Martin Chromiak.
9:34 of 3rd period - Stopped by Brandon Bussi without a rebound.
9:35 of 3rd period - Martin Pospisil wins face-off versus Adam Beckman in Sound Tigers zone.
9:35 of 3rd period - Martin Pospisil is hit by Martin Chromiak.
9:42 of 3rd period - Icing by Travis Dermott.
9:43 of 3rd period - Martin Pospisil wins face-off versus Adam Beckman in Sound Tigers zone.
10:08 of 3rd period - Off-side.
10:09 of 3rd period - Aliaksei Protas wins face-off versus Eric Staal in neutral zone.
10:09 of 3rd period - Aliaksei Protas is hit by Eric Staal.
11:45 of 3rd period - Shot by Ben Jones.
11:45 of 3rd period - Shot Misses the Net.
12:22 of 3rd period - Shot by Theodor Niederbach.
12:22 of 3rd period - Goal by Theodor Niederbach - Senators : 3 - Sound Tigers : 2.
12:23 of 3rd period - Martin Pospisil wins face-off versus Jamieson Rees in neutral zone.
12:39 of 3rd period - Icing by Trevor Van Riemsdyk.
12:40 of 3rd period - Martin Pospisil wins face-off versus Theodor Niederbach in Sound Tigers zone.
12:40 of 3rd period - Martin Pospisil is hit by Theodor Niederbach.
12:52 of 3rd period - Shot by Jack Rathbone.
12:52 of 3rd period - Shot Blocked by Jimmy Schuldt.
12:54 of 3rd period - Shot by Martin Chromiak.
12:54 of 3rd period - Stopped by Brandon Bussi without a rebound.
12:55 of 3rd period - Eric Staal wins face-off versus Ben Jones in Sound Tigers zone.
12:55 of 3rd period - Eric Staal is hit by Ben Jones.
13:07 of 3rd period - Icing by Nikita Soshnikov.
13:08 of 3rd period - Adam Beckman wins face-off versus Eric Staal in Sound Tigers zone.
13:15 of 3rd period - Shot by Adam Beckman.
13:15 of 3rd period - Shot Misses the Net.
13:29 of 3rd period - Shot by Eric Staal.
13:29 of 3rd period - Goal by Eric Staal - Senators : 3 - Sound Tigers : 3.
13:30 of 3rd period - Jaret Anderson-Dolan wins face-off versus Aliaksei Protas in neutral zone.
13:39 of 3rd period - Shot by Joel Armia.
13:39 of 3rd period - Shot Misses the Net.
14:49 of 3rd period - Shot by Jimmy Vesey.
14:49 of 3rd period - Deflect By Nikita Soshnikov.
14:49 of 3rd period - Shot Misses the Net.
15:49 of 3rd period - Icing by Theodor Niederbach.
15:50 of 3rd period - Ryan MacInnis wins face-off versus Adam Beckman in Senators zone.
16:40 of 3rd period - Nikita Soshnikov is hit by Theodor Niederbach.
17:13 of 3rd period - Shot by Zac Jones.
17:13 of 3rd period - Shot Misses the Net.
17:48 of 3rd period - Shot by Aleksi Heponiemi.
17:48 of 3rd period - Stopped by Brandon Bussi with a rebound.
17:50 of 3rd period - Shot by Ben Jones.
17:50 of 3rd period - Stopped by Brandon Bussi with a rebound.
17:52 of 3rd period - Shot by Aleksi Heponiemi.
17:52 of 3rd period - Shot Misses the Net.
18:08 of 3rd period - Shot by Wade Allison.
18:08 of 3rd period - Deflect By Ben Jones.
18:08 of 3rd period - Stopped by Brandon Bussi with a rebound.
18:10 of 3rd period - Shot by Wade Allison.
18:10 of 3rd period - Stopped by Brandon Bussi without a rebound.
18:11 of 3rd period - Eric Staal wins face-off versus Aliaksei Protas in Sound Tigers zone.
Goals for this period are 1 for Senators vs 3 for Sound Tigers.
Shots for this period are 8 for Senators vs 6 for Sound Tigers.

Overtime #1


0:01 of 1st overtime period - Ryan MacInnis wins face-off versus Jamieson Rees in neutral zone.
0:28 of 1st overtime period - Icing by Ashton Sautner.
0:29 of 1st overtime period - Ryan MacInnis wins face-off versus Jamieson Rees in Sound Tigers zone.
0:44 of 1st overtime period - Off-side.
0:45 of 1st overtime period - Jamieson Rees wins face-off versus Ryan MacInnis in neutral zone.
0:54 of 1st overtime period - Shot by Alex Beaucage.
0:54 of 1st overtime period - Goal by Alex Beaucage - Senators : 4 - Sound Tigers : 3.
Goals for this period are 1 for Senators vs 0 for Sound Tigers.
Shots for this period are 1 for Senators vs 0 for Sound Tigers.